AoeStats
← [Wildpigs] El Jochu

Arena

509791875Analyzed
4v4 RM · 5d ago on Sep 28, 2026· 10m 23s· 8 players
Game mode
Random Map
Map size
Large (8 player)
Population
200
Speed
Normal
Resources
Standard
Victory
Conquest
Starting age
Dark Age
Ending age
Imperial Age
RankedLock teamsTeams togetherTeam positionsShared explorationLock speedFull tech treeHidden civsTurbo modeCheats
Victory
Defeat
🇧🇷 Aztecs · Brazil
937
+15
🇺🇸 Franks · United States
912
+16
🇵🇪 Vikings · Peru
908
+16
🇦🇷 Franks · Argentina
901
+16
🇲🇽 Spanish · Mexico
959
-17
🇧🇷 Varangians · Brazil
954
-18
🇲🇽 Burgundians · Mexico
867
-14
🇩🇪 Malay · Germany
862
-14
aegilello
2:36 Loom
11:34 Feudal Age
LARRI CAVERGA
10:05 Feudal Age
Jairzin
El Lobizon Chinchu
1:30 Loom
2:19 Loom
11:52 Feudal Age
SER
[Wildpigs] El Jochu
Walls vs Zombies 2009
NannoD
10:56 Feudal Age
9:58 Loom
Connection lost

Rejoining the realm…

Still unreachable

The connection could not be restored.

Session expired

The server has moved on; the page needs a fresh start.